[Event "Washington Open"]
[Site "Chess.com"]
[Date "2021.05.29"]
[Round "1"]
[White "Lenderman, Aleksandr"]
[Black "Murray, David"]
[Result "1-0"]
[ECO "E11"]
[WhiteElo "2702"]
[BlackElo "1924"]
[Annotator "Alex Lenderman"]
[PlyCount "41"]
[EventDate "2021.05.29"]
[TimeControl "6000+30"]

{[%evp 0,41,19,31,19,0,-3,-3,1,-36,16,17,7,-18,3,-5,26,19,35,-4,11,5,67,67,57,
59,374,388,372,372,419,428,428,425,453,441,442,446,470,459,559,559,551,568] I
cannot believe it's already been exactly a year since the last year's
Washington Open, which interestingly enough was my first ever serious online
event with a slow time control. Back then, it felt a bit unusual, but now
after having played many of such events, I got used to it, and it helped me
win the all-important last year's US Chess Championship qualifier round robin
with a slow time control online. I wasn't able to win last year's event due to
a tough loss to local IM, Georgi Orlov, and this year's event is even much
stronger, with several strong masters and IMs in it. However, I'll give it my
best shot and see if I can do better than last year. My first round opponent
is an A-player David Murray. This game went quite smoothly for me after my
opponent made some mistakes in the opening. Let's see how it went.} 1. d4 d5 2.
c4 e6 3. Nf3 Nf6 4. g3 Bb4+ 5. Bd2 Be7 6. Bg2 O-O 7. O-O Nbd7 8. Qc2 b6 $6 {
Up to here, it's a theoretical position, but here my opponent made his first
inaccuracy. In the closed catalan, it is usually important for black to first
play c6, and only then play b6, so that in case of cxd5, black can take with
the c-pawn on d5, which makes the structure more harmonious, and the bishop on
b7 ends up having a bigger impact on the position, for example through direct
pressure on e4, meaning white won't be able to play e4 very easily.} (8... c6 {
Is the main line.}) (8... Ne4 $5 {Is also a very interesting modern line,
which Magnus Carlsen first tried against Eljanov, with some ideas to create a
stonewall structure.} 9. Bf4 g5 $5 10. Bc1 f5 {With very interesting play.}) 9.
Ne5 {An alternative was...} (9. cxd5 Nxd5 10. e4 Nb4 11. Bxb4 Bxb4 12. a3 Be7
13. Nc3 Bb7 14. Rfd1 c5 15. d5 $16 {With a sizable advantage.}) 9... Bb7 (9...
Nxe5 {Black should probably try this.} 10. dxe5 Ng4 (10... Ne4 11. Bxe4 dxe4
12. Rd1) 11. Bc3 Bb7 12. h3 Nh6 $14) 10. cxd5 Nxe5 $2 {And this turns out to
be a blunder. Here, most likely, my opponent only considered an automatic
recapture, dxe5, which brings us the main lesson of the game: In chess, it is
important to always consider intermediate moves in our calculations, both for
ourselves and our opponents, and at least examine what might happen there. In
chess it is important to avoid playing automatic moves and assuming automatic
moves in our calculations.} 11. d6 $1 {Now black loses material.} Bxg2 12. dxe7
{I found this to be quite strange, since now I just have an extra rook. Of
course, the alternative was very unattractive, but it should probably still be
played.} Qxd4 $6 (12... Qxe7 13. dxe5 Bxf1 14. exf6 Qxf6 15. Kxf1 $18 {Here
white has 2 pieces for a rook and a pawn, which materially seems very close.
However, white's pieces are very coordinated, and white should have a winning
position, once he regroups his pieces to best squares. A sample line can be:}
c5 16. Na3 Rad8 17. Nc4 b5 (17... Rd7 18. Bc3 Qg5 19. Qa4 Qd5 20. f3 Rfd8 21.
Qb5 Qb7 22. Kf2 Rb8 23. Be5 Rbd8 24. a4 {With a5 coming up and black cannot
really do anything with his open d-file.}) 18. Ne3) 13. exf8=Q+ Rxf8 14. Kxg2 {
Now I'm simply up a rook, and I just have to be a little bit careful about
black's somewhat active pieces and counterplay.} h5 15. Be3 Qd5+ 16. f3 h4 17.
Nc3 Qc6 18. Bd4 Neg4 19. e4 e5 20. Bg1 Nh6 21. Be3 {AlexanderL won by
resignation. I consolidated. Now black has no attack and his picees are being
pushed back, and I still have the extra rook, so black decided to throw in the
towel.} 1-0

[Event "Washington Open"]
[Site "Chess.com"]
[Date "2021.05.29"]
[Round "2"]
[White "Levine, Joseph"]
[Black "Lenderman, Aleksandr"]
[Result "0-1"]
[ECO "C04"]
[WhiteElo "2179"]
[BlackElo "2702"]
[Annotator "Alex Lenderman"]
[PlyCount "118"]
[EventDate "2021.05.29"]
[TimeControl "6000+30"]

{[%evp 0,118,16,28,47,17,3,-36,-11,21,13,12,-8,4,4,1,12,9,20,0,-10,-19,19,-48,
-22,-55,-36,-52,-32,-53,-54,-61,-46,-87,-35,-47,-15,-51,-9,0,-19,0,-65,-113,
-86,-86,-85,-100,-100,-93,-132,-137,-151,-171,-193,-192,-161,-186,-204,-211,
-202,-213,-220,-247,-240,-286,-325,-330,-329,-316,-316,-394,-328,-322,-303,
-303,-412,-412,-412,-427,-416,-416,-417,-410,-410,-410,-420,-487,-508,-508,
-391,-1166,-1212,-1028,-1250,-1347,-1320,-1286,-1728,-1835,-1978,-2008,-1834,
-1698,-1925,-29069,-29982,-29983,-29984,-29985,-29990,-29991,-29992,-29995,
-29996,-29997,-29994,-29995,-29996,-29999,-30000] In the second round, I am
playing against young local player, Joseph Levine, whom I've gotten a chance
to play both in person and online in serious events. He's definitely a
talented player, master level with a GM coach, and he held me to a draw in the
last event. Therefore, I expected a tough battle.} 1. e4 e6 2. d3 d5 3. Nd2 {
Joseph is quite predictable in this line, and I decided I liked my preparation
there, leading me to the decision of playing the french.} Nf6 4. Ngf3 Nc6 {
This is Anish Giri's recommendation in his chessable course.} 5. e5 Nd7 6. d4 {
Now, this position sometimes arises with white to move in the move order: e4
e6 d4 d5 Nd2 Nc6 Ngf3 Nf6 e5 Nd7. Even that line is considered playable for
black by many people, so it is clear, that this position, with my move has to
be decent enough for me.} f6 7. Bb5 (7. exf6 Qxf6) 7... fxe5 8. dxe5 Be7 9. O-O
O-O 10. Re1 Qe8 11. Nf1 a6 12. Bd3 Nc5 13. Ng3 $6 {probably it is inaccurate
to give me the bishop pair here in a relatively open position.} (13. Be2 {
was what I briefly analyzed, where black can choose between Nd7 where white
has nothing better than Bd3, or a plan like a5-a4, with an unbalanced game,
which the engine evaluates as around equal.}) 13... Nxd3 14. cxd3 Qg6 15. a3
Bd7 16. b4 $6 {This creates a hook for me to eventually open up the queenside
favorably.} (16. d4 $15) 16... Rf7 $6 {Missing a better chance:} (16... a5 17.
b5 Na7 18. a4 c6 $17) 17. d4 Raf8 {I was still hoping to attack him on the
kingside. However, that was probably not the best plan all along.} 18. Kh1 $6 {
This gives me a second chance at queenside play, which I do not miss this time.
} (18. Be3 $1 a5 19. b5 Na7 20. a4 c6 21. b6 Nc8 22. Qb1 (22. Rb1 Bd8 23. Rb2
Be8) 22... Bb4 23. Qxg6 hxg6 24. Bd2 Bxd2 25. Nxd2 Rxf2 26. Nb3 {Is still not
so clear.}) 18... a5 19. b5 Na7 20. a4 c6 21. Ba3 $6 (21. b6 Nc8 22. Ba3 $17 {
Was lesser of the evil.}) 21... cxb5 22. Bxe7 Rxe7 23. axb5 b6 {Maybe Joseph
missed this simple defensive move or underestimated it. Now, I'm just much
better and get to keep my connected passers.} 24. Re3 Bxb5 25. Qb3 Rb7 26. Rc1
Bc4 27. Qa4 Qe8 28. Qa1 Nc6 29. Kg1 b5 30. Qb1 Qg6 31. Qa1 b4 $19 {This is
completely winning. White cannot stop the pawns in the long run.} 32. h4 b3 33.
h5 Qg4 34. Qb2 a4 35. Ra1 Rxf3 $1 36. Rxf3 Qxd4 {Black can win many ways but I
liked this method.} 37. Qa3 Qxa1+ $1 38. Qxa1 b2 39. Qb1 Ba2 $1 {The point of
this combination. I saw this when I played Rxf3, which I was quite happy about.
} 40. Qxa2 b1=Q+ 41. Qxb1 Rxb1+ {Now the spoke has cleared. I'm up a pawn, but
more importantly, I have two very powerful passers, I'll probably win another
one on e5, and white is very poorly coordinated. The rest needs no comment.}
42. Nf1 Nxe5 43. Re3 Nc4 44. Re2 d4 45. Rxe6 d3 46. h6 gxh6 47. Re8+ Kf7 48.
Ra8 d2 49. Ra7+ Ke6 50. Ra6+ Kd7 51. Kh2 Rxf1 52. Rxa4 d1=Q 53. Rxc4 Rh1+ 54.
Kg3 Qd3+ 55. Kg4 Qxc4+ 56. Kf5 Rh5+ 57. Kf6 Qe6+ 58. Kg7 Rg5+ 59. Kh8 Qg8# {
AlexanderL won by checkmate. I was very happy with this win against a strong
young player. That put me in a group of 7 strong players with 2/2.} 0-1

[Event "Washington Open"]
[Site "Chess.com"]
[Date "2021.05.30"]
[Round "3"]
[White "Lenderman, Aleksandr"]
[Black "Talukdar, Rohan"]
[Result "1/2-1/2"]
[ECO "D02"]
[WhiteElo "2702"]
[BlackElo "2431"]
[Annotator "Alex Lenderman"]
[PlyCount "68"]
[EventDate "2021.05.29"]
[TimeControl "6000+30"]

{[%evp 0,68,22,22,29,28,44,8,2,4,10,-16,-15,-8,11,13,4,0,-4,-15,31,37,33,24,22,
38,27,37,43,23,43,36,59,59,46,47,40,40,44,25,68,74,80,89,68,10,56,48,59,61,48,
42,24,31,45,21,15,15,9,9,50,5,0,0,9,-27,0,0,0,-44,-28] In round 3, I got
paired against a strong canadian FM, Rohan Talukdar, with whom I've played
many times already in the Washington Chess Federation tournaments. While I've
done well against him lately, I knew that in a given day he's capable of
playing like a strong GM. This game felt like one of these games.} 1. d4 Nf6 2.
Nf3 g6 3. Nbd2 {I know he's a Grunfeld player who knows his theory quite well.
I try to keep my opponent off-balance, and keep surprising him with less
theoretical lines. However, this one wasn't a very lucky surprise, since it
seemed like he knew it well, and I surprised myself more.} d5 (3... Bg7 4. e4
d6 {Based on his chess.com games, I expected this setup more from him.}) 4. e3
Bg7 5. b4 O-O 6. Bb2 $6 (6. c4 {Perhaps, it's more accurate to start with this,
and not commit the bishop on b2.}) 6... a5 7. b5 a4 8. c4 c6 {Black is already
more than fine.} 9. cxd5 $6 cxd5 $2 {Black missed a great unexpected
opportunity to immediately seize initiative.} (9... a3 $1 10. Bc1 (10. Bc3 Nxd5
$17) 10... Nxd5 {And white has very poor coordination.}) 10. Bd3 Bf5 11. Bxf5
gxf5 {However, this is still equal, and black shouldn't have big problems.} 12.
Ba3 Re8 13. Qc2 Ne4 14. O-O Qa5 (14... Nd7 15. Rfc1 Rc8 {There was nothing
wrong with the simple development.} 16. Qb2 (16. Qxa4 $4 Nc3) 16... e5 $11) 15.
Rfc1 $5 {Sacking a pawn for an initiative.} (15. Rac1 Qxb5) (15. Rab1 Qc3 16.
Qc1 {Was probably my best chance for an advantage.}) 15... Qxb5 16. Rab1 Qe2 {
This is precise. Black is ok in all lines here.} 17. Nxe4 (17. Nf1 Qxc2 18.
Rxc2 Nc6 19. Rxb7 Rac8 $11) 17... Qxc2 18. Rxc2 (18. Nf6+ Bxf6 19. Rxc2 Nc6 20.
Rxb7 Na5 $11) 18... fxe4 19. Nd2 (19. Nh4 e6 20. Rxb7 Na6 21. g4 Bf8 $11) 19...
e5 20. Rxb7 exd4 21. Rcc7 dxe3 22. fxe3 Ra6 (22... Bf8 {Was the move I
expectected, and is also fine for black.}) 23. Rxf7 Rg6 {This is also a good
rook maneuvre, after which I don't have much.} 24. Rfc7 (24. Nf1 Nc6 25. Ng3
Nd8 26. Rfe7 Rxe7 27. Rxe7 Nc6 $11 28. Rd7 d4) 24... Nc6 25. Bc5 $5 {Setting a
trap} Bc3 {which he doesn't fall for.} (25... d4 $4 26. Nxe4 $1 dxe3 $2 (26...
Rxe4 27. Rc8+) 27. Rxg7+ $1 Rxg7 28. Nf6+ Kh8 29. Rxg7 Kxg7 30. Nxe8+ $18 {
Was a very slight hope, but of course, not very realistic against such a
strong player.}) 26. Nf1 d4 {Now, without Nxe4, this works well for black.} 27.
Rb6 Ne5 28. Rxg6+ Nxg6 29. Bb6 dxe3 30. Nxe3 Rb8 31. Rxc3 Rxb6 32. Rc4 Rb1+ 33.
Kf2 Rb2+ 34. Kg3 Rxa2 {Game drawn by agreement. A rather sloppy opening by me,
with playing Bb2 too early. The moral of the story is, if you want to create
problems to a strong player, every little nuance matters. If you miss a detail
early on, and don't create problems, any decent master can play like a strong
grandmaster. I was happy at least that I didn't miss any big chances in the
middle game and we both played quite well, making a draw a fair result.}
1/2-1/2

[Event "Washington Open"]
[Site "Chess.com"]
[Date "2021.05.30"]
[Round "4"]
[White "Lenderman, Aleksandr"]
[Black "Kulkarni, Ojas"]
[Result "1-0"]
[ECO "A61"]
[WhiteElo "2702"]
[BlackElo "2216"]
[Annotator "Alex Lenderman"]
[PlyCount "81"]
[EventDate "2021.05.29"]
[TimeControl "6000+30"]

{[%evp 0,81,22,22,28,-16,-9,0,31,30,52,71,58,68,130,80,104,82,54,51,113,102,69,
53,59,77,80,69,59,107,113,124,185,146,147,147,155,122,114,57,104,51,87,37,37,
28,22,33,32,26,36,49,58,47,127,123,130,144,135,140,135,130,147,148,164,134,322,
331,332,319,316,313,340,315,336,288,312,310,310,302,322,321,322,325] In this
game I got a double-white against an indian master, whom I have never played
before, or seen in the WCF tournaments. I got a second white in a row because
he had more points than me and he played white previous game, so he had to
change color. I wasn't sure what to expect, since I briefly saw that he plays
many openings. Therefore, I just decided to play what I knew best.} 1. d4 Nf6
2. c4 e6 3. Nf3 c5 4. d5 d6 5. Nc3 exd5 6. cxd5 g6 7. Bf4 Bg7 8. Qa4+ Bd7 9.
Qb3 b5 $5 {A very principled line in the Benoni.} 10. Bxd6 Qb6 11. Be5 O-O 12.
e3 c4 (12... b4 13. Nb1 Bf5 {Is also a line for black, but I think here, white
has good chances for an advantage.}) 13. Qd1 b4 14. Ne2 (14. Nb1 {Nb1 of
course is also possible.}) 14... Rc8 ({Is also possible and is what the engine
prefers at very high depth.} 14... Bb5) 15. Nf4 Qa5 {Here my opponent started
to think. Perhaps, he couldn't recall his analysis, and therefore, made a
slightly inaccurate move.} (15... c3 {This move should be played immediately.})
16. Be2 $6 (16. Qd4 $1 {This was actually very important, to use the fact that
black cannot play Nbd7 to defend the knight on f6. Now, black has to make an
awkward concession.} Qb6 (16... b3+ 17. Nd2 Qxa2 18. Nxb3 $1 Qxb3 (18... cxb3
19. Qd1 $1 Nxd5 20. Rxa2 bxa2 21. Bxg7 Nxf4 22. Be5 (22. exf4 Kxg7 23. Be2))
19. Bxf6) 17. Rc1 $16) 16... c3 17. O-O (17. Qd4 {Here this doesn't work as
well.} Ba4 $1 18. b3 (18. Bxf6 Bxf6 19. Qxf6 cxb2 20. Qxb2 Rc2 21. Qd4 b3+ 22.
Kf1 b2 $132 {With lots of play for the piece.}) 18... Nbd7 $1 19. Bd6 (19. bxa4
$2 Nxe5 20. Nxe5 Nd7 $17) 19... c2 20. Rc1 Nh5 $132) 17... Ba4 $1 18. b3 Bb5
19. Bxb5 Qxb5 20. Nd4 Qc5 $2 {This was his first real mistake of the game.
Perhaps, he missed my Nd3 move.} (20... Qb7 {Here black should have good
compensation for the pawn. I would've tried} 21. Bxf6 Bxf6 22. Nc2 a5 23. e4
Nd7 24. Nd3 Bg7 {However, I believe black might be ok here.}) 21. Nd3 Qxd5 22.
Bxf6 Bxf6 23. Nxb4 {Now, I should be better due to getting rid of the very
important b4 pawn. The c3 pawn now requires attention for him too.} Qb7 24. Qf3
$1 {Precisely swopping queens off the board to get into a better endgame.} Qxf3
25. Nxf3 Nc6 26. Nd5 Bg7 27. Rac1 Kf8 $6 28. Ng5 $1 {Again, precise! Now black
is going to lose the c3 pawn.} h6 29. Nh7+ Kg8 30. Nhf6+ Kh8 31. Ne4 $18 {
Now I win the 2nd pawn and the rest is simple.} Ne5 32. Rxc3 Nf3+ 33. gxf3 Bxc3
34. Nexc3 Kg7 35. Rd1 Rd8 36. Rd4 Rac8 37. f4 Rc5 38. b4 Rc6 39. b5 Rc5 40. a4
Rd7 41. a5 {AlexanderL won by resignation. This was a nice win for me, where I
was happy that I was able to take advantage of his inaccuracies with some
precise moves. Now, the hard part comes, with potentially 2 blacks in the last
few rounds against potentially, two strong IMs.} 1-0